 Dungeon Crawl Stone Soup version 0.23.0-3-gf3c87f2df8 (webtiles) character file.

Game seed: 10506757722326201453

33 Ivernyr the Insei (level 3, 0/18 HPs)
             Began as a Vine Stalker Transmuter on Feb 20, 2019.
             Succumbed to an adder's poison
             ... on level 2 of the Dungeon.
             The game lasted 00:02:17 (1098 turns).

Ivernyr the Insei (Vine Stalker Transmuter)         Turns: 1098, Time: 00:02:18

Health: 0/18       AC:  2    Str: 12    XL:     3   Next: 29%
Magic:  4/7        EV: 12    Int: 14    God:
Gold:   66         SH:  0    Dex: 14    Spells: 4/7 levels left

rFire    . . .     SeeInvis .     - Unarmed
rCold    . . .     Gourm    .   (no shield)
rNeg     . . .     Faith    .   b - +0 robe
rPois    .         Spirit   +   (no helmet)
rElec    .         Reflect  .   (no cloak)
rCorr    .         Harm     .   (no gloves)
MR       .....                  (boots currently unavailable)
Stlth    +.........             (no amulet)
HPRegen  0.06/turn              (no ring)
MPRegen  0.10/turn              (no ring)

@: lethally poisoned (0 -> -9), appendage (expiring)
A: fangs 2, talons 3, magic shield, antimagic bite, no potion heal 3, rot
immunity
a: End Transformation


You were on level 2 of the Dungeon.
You were hungry.
You had grown temporary talons.
You visited 1 branch of the dungeon, and saw 2 of its levels.

You collected 66 gold pieces.

Inventory:

Missiles
 a - 51 arrows
Armour
 b - a +0 robe (worn)
Scrolls
 f - 2 scrolls of remove curse {unknown}
 g - a scroll of enchant weapon {unknown}
Potions
 c - a potion of flight {unknown}
 e - 2 potions of brilliance {unknown}
 h - a potion of agility {unknown}
Comestibles
 d - 4 rations


   Skills:
 + Level 1.4 Fighting
 + Level 1.9 Dodging
 - Level 3.0 Unarmed Combat
 + Level 2.5 Spellcasting
 * Level 2.7 Transmutations


You had 4 spell levels left.
You knew the following spells:

 Your Spells              Type           Power        Failure   Level  Hunger
a - Beastly Appendage     Tmut           #.....       8%          1    #......
b - Sticks to Snakes      Tmut           #.......     11%         2    ###....

Your spell library contained the following spells:

 Spells                   Type           Power        Failure   Level  Hunger
 Spider Form              Tmut/Pois      #.........   36%         3    ###....
 Ice Form                 Ice/Tmut       #.......     77%         4    #####..
 Blade Hands              Tmut           #.........   90%         5    ######.


Dungeon Overview and Level Annotations

Branches:
Dungeon (2/15)

Altars:


Innate Abilities, Weirdness & Mutations

You have extremely sharp teeth.
When hurt, damage is shared between your health and your magic reserves.
Your bite disrupts and absorbs the magic of your enemies.
Potions cannot restore your health.
You are immune to rotting.
You have claws for feet.


Message History

You feel sick. The adder bites you.
* * * LOW HITPOINT WARNING * * *
You are more poisoned.
The adder poisons you!
You barely miss the adder. Your kick misses the adder. You bite the adder.
You drain its power.
You feel invigorated.
The adder is heavily wounded.
Your transformation is almost over.
The adder misses you.
You barely miss the adder.
The adder is heavily wounded.
* * * LOW HITPOINT WARNING * * *
You feel sick. The adder bites you. x2
* * * LOW HITPOINT WARNING * * *
You closely miss the adder. Your bite misses the adder.
The adder is heavily wounded.
The adder completely misses you.
You hit the adder but do no damage. Your kick misses the adder.
The adder is heavily wounded.
You die...

#.#.########......#
##.......#.......#.#
.)...###.#.#####.#.#####
###### .........#......
.# ...#.....#...# #.# #.
#######.#.# ..# #
......rr#.# ..#
#######S# # ..# #@# ..#
#.# ..# #.# ..# #.# #.#
#.# #.# #.# #<# #.# ###
#.#


You could see an adder and 2 rats.

Vanquished Creatures
  An adder (D:2)
  3 goblins (D:1)
  3 hobgoblins (D:1)
  3 jackals (D:1)
  6 kobolds
  2 ball pythons (D:1)
  4 bats
  A frilled lizard (D:1)
23 creatures vanquished.

Notes
Turn   | Place    | Note
-------+----------+-------------------------------------------
     0 | D:1      | Ivernyr the Vine Stalker Transmuter began the quest for the
                  | Orb.
     0 | D:1      | Reached XP level 1. HP: 9/9 MP: 4/4
    54 | D:1      | Reached skill level 1 in Fighting
   222 | D:1      | Reached XP level 2. HP: 12/14 MP: 6/6
   275 | D:1      | Learned a level 2 spell: Sticks to Snakes
  1092 | D:2      | Reached XP level 3. HP: 6/18 MP: 1/7
  1098 | D:2      | Succumbed to an adder's poison

Skill      XL: |  1 |
---------------+----+-----
Fighting       | 1 |  1.4
Dodging        | |  1.9
Unarmed Combat | |  3.0
Spellcasting   | |  2.5
Transmutations | |  2.7

Action                   || total
-------------------------++-------
Melee: Unarmed           ||    82
       Bite              ||    21
       Headbutt          ||     2
       Kick              ||     3
       Punch             ||     1
 Cast: Beastly Appendage ||     2
 Stab: Sleeping          ||     1
Armor: Robe              ||    25
Dodge: Dodged            ||    74
